 Seeded DCSS version 0.27-a0-920-gb2bd10914a (webtiles) character file.

Game seed: 20210409 (custom seed)

677 Snicker the Sneak (level 7, -9/52 HPs)
             Began as a Demonspawn Brigand on Apr 9, 2021.
             Was an Initiate of Gozag.
             Mangled by an orc warrior
             ... wielding a +0 glaive
              (19 damage)
             ... on level 5 of the Dungeon.
             The game lasted 00:08:08 (4433 turns).

Snicker the Sneak (Demonspawn Brigand)              Turns: 4433, Time: 00:08:08

Health: -9/52      AC:  4    Str: 11    XL:     7   Next: 33%
Magic:  0/7        EV: 13    Int: 12    God:    Gozag
Gold:   220        SH:  0    Dex: 17    Spells: 4/6 levels left

rFire    . . .     SeeInvis .   a - +0 dagger (elec)
rCold    . . .     Faith    .   (no shield)
rNeg     . . .     Spirit   +   b - +0 robe
rPois    .         Reflect  .   m - +0 helmet
rElec    .         Harm     .   c - +0 cloak
rCorr    .         Rampage  .   (no gloves)
Will     .....                  (no boots)
Stlth    +++.......             (no amulet)
HPRegen  0.17/turn              (no ring)
MPRegen  0.20/turn              (no ring)

@: no status effects
A: claws 2, foul stench 1, magic shield, magic regeneration, magic link
a: Renounce Religion, Potion Petition, Call Merchant, Bribe Branch


You were on level 5 of the Dungeon.
You worshipped Gozag.
Gozag was aware of your devotion.
You visited 2 branches of the dungeon, and saw 6 of its levels.

You collected 310 gold pieces.
You paid 90 gold pieces to Gozag.

Inventory:

Hand Weapons
 a - a +0 dagger of electrocution (weapon)
 d - a +2 dagger
Missiles
 p - a poisoned dart (quivered)
Armour
 b - a +0 robe (worn)
 c - a +0 cloak (worn)
 m - a +0 helmet (worn)
Wands
 e - a wand of polymorph (9)
Scrolls
 f - 2 scrolls of identify
 l - a scroll of blinking
Potions
 g - 2 potions of brilliance
 h - a potion of ambrosia {unknown}
 i - a potion of cancellation
 j - a potion of degeneration {unknown}
 k - a potion of lignification
 n - a potion of heal wounds {unknown}
 o - a potion of curing


   Skills:
 + Level 3.0 Fighting
 * Level 5.1 Short Blades
 + Level 2.3 Throwing
 + Level 2.4 Dodging
 * Level 5.7 Stealth


You had 4 spell levels left.
You knew the following spells:

 Your Spells              Type           Power      Damage    Failure   Level
a - Wereblood             Tmut           0%         N/A       45%         2

Your spell library contained the following spells:

 Spells                   Type           Power      Damage    Failure   Level
 Beastly Appendage        Tmut           0%         N/A       32%         1
 Spider Form              Tmut/Pois      0%         N/A       69%         3
 Ice Form                 Ice/Tmut       0%         N/A       97%         4
 Hydra Form               Tmut           0%         N/A       100%        5


Dungeon Overview and Level Annotations

Branches:
Dungeon (5/15)             Temple (1/1) D:5

Altars:
Ashenzari
Cheibriados
Dithmenos
Elyvilon
Fedhas
Gozag
Hepliaklqana
Kikubaaqudgha
Makhleb
Nemelex Xobeh
Okawaru
Qazlal
Ru
Sif Muna
Trog
Uskayaw
Vehumet
Wu Jian
Xom
Yredelemnul
Zin
The Shining One

Shops:
D:2 [   D:5 =


Innate Abilities, Weirdness & Mutations

You have very sharp fingernails.
You may rarely emit foul miasma when damaged in melee.
When hurt, damage is shared between your health and your magic reserves.
You regenerate magic rapidly.
When low on magic, you restore magic in place of health.


Message History

The orc warrior is lightly wounded.
An orc wizard comes into view. It is wielding a +0 dagger.
You hit the orc warrior but do no damage.
The orc warrior is lightly wounded.
The orc warrior hits you with a +0 glaive!
An orc comes into view.
It is wielding the +7 mace "Bonk" {vorpal, rC- Str+7 Dex-5 Stlth+}.
You closely miss the orc warrior.
The orc warrior is lightly wounded.
The orc warrior barely misses you.
You closely miss the orc warrior.
The orc warrior is lightly wounded.
You hit the orc warrior but do no damage.
The orc warrior is lightly wounded.
The orc warrior hits you with a +0 glaive!
The orc throws a stone.
The stone hits you. The orc misses you.
The orc warrior hits you from afar with a +0 glaive!
* * * LOW HITPOINT WARNING * * *
The orc hits you with the +7 mace "Bonk" {vorpal, rC- Str+7 Dex-5 Stlth+}.
* * * LOW HITPOINT WARNING * * *
x2 The orc throws a stone.
The stone closely misses you.
p - a poisoned dart
There is an open door here.
You now have 220 gold pieces (gained 7).
Things that are here:
a +0 short sword; 23 arrows
Okay, then.
Unknown command.
Okay, then.
Unknown command.
You feel better.
The orc warrior hits you but does no damage.
The orc warrior hits you with a +0 glaive.
* * * LOW HITPOINT WARNING * * *
There is an open door here.
You hit the orc warrior but do no damage.
Lightning courses through the orc warrior!
The orc warrior is heavily wounded.
The orc warrior hits you from afar with a +0 glaive!!
You die...
Your body crumbles into a pile of gold.

##.. .##.##.####...#
#. #. ##..######.. #
#.# #.......... # #.#
##Z(........
###.##.####.(.########
###. ..........o...#
#.# ....
..####.).oo...# #..
###. #.o####.## #
#oo'@.#.# ###
#..#..#.### #.. #
#.)####...##### #.# #
#.#. #.
#.......#.....# #.# #
...##'##.........###.#
#.# #
#..#..'...####..## #[#
#.# #
#..#..#.⌠.#..#..# #.#
#.# # #..#.
#...#..#.[# #.#####.#
# ##..####..###)#.##
#........


You could see an orc warrior, an orc wizard and an orc.

Vanquished Creatures
  An ogre (D:5)
  A sky beast (D:5)
  A necrophage (D:5)
  2 scorpions (D:5)
  A hound (D:4)
  2 orc priests (D:5)
  A centaur skeleton (D:4)
  An orc wizard (D:5)
  6 gnolls
  An adder (D:5)
  2 worms (D:3)
  A dart slug (D:1)
  13 orcs
  5 bats
  4 endoplasms
  2 giant cockroaches (D:1)
  8 goblins
  7 hobgoblins
  8 jackals
  5 kobolds
  3 quokkas
  4 ball pythons
  3 frilled lizards
  2 rats (D:2)
84 creatures vanquished.

Vanquished Creatures (others)
  2 plants (D:5)
2 creatures vanquished.

Grand Total: 86 creatures vanquished

Notes
Turn   | Place    | Note
-------+----------+-------------------------------------------
     0 | D:1      | Snicker the Demonspawn Brigand began the quest for the Orb.
     0 | D:1      | Reached XP level 1. HP: 16/16 MP: 1/1
    45 | D:1      | Found a faded altar of an unknown god.
   484 | D:1      | Gained mutation: You regenerate magic rapidly. [demonic
                  | ancestry]
   484 | D:1      | Reached XP level 2. HP: 22/22 MP: 2/2
   784 | D:1      | Upgraded the game from 0.27-a0-909-g0721f309d1 to
                  | 0.27-a0-920-gb2bd10914a
   992 | D:1      | Gained mutation: When hurt, damage is shared between your
                  | health and your magic reserves. [demonic ancestry]
   992 | D:1      | Reached XP level 3. HP: 26/27 MP: 3/3
  1230 | D:2      | Found Ytoezuif's Antique Armour Emporium.
  1417 | D:2      | Reached skill level 1 in Dodging
  1978 | D:2      | Gained mutation: When low on magic, you restore magic in
                  | place of health. [demonic ancestry]
  1978 | D:2      | Reached XP level 4. HP: 33/33 MP: 4/4
  2045 | D:2      | Found an ornate altar of the Wu Jian Council.
  2183 | D:2      | Learned a level 2 spell: Wereblood
  3425 | D:4      | Gained mutation: You have sharp fingernails. [demonic
                  | ancestry]
  3425 | D:4      | Reached XP level 5. HP: 23/39 MP: 5/5
  3442 | D:4      | Reached skill level 5 in Stealth
  3629 | D:4      | Found a stormy altar of Qazlal.
  3644 | D:4      | Noticed an ice beast
  3657 | D:5      | Entered Level 5 of the Dungeon
  3820 | D:5      | Found Plog's Jewellery Emporium.
  3826 | D:5      | Noticed a necrophage
  3828 | D:5      | Killed a necrophage
  3829 | D:5      | Gained mutation: You have very sharp fingernails. [demonic
                  | ancestry]
  3829 | D:5      | Reached XP level 6. HP: 46/46 MP: 6/6
  3874 | D:5      | Noticed a sky beast
  3878 | D:5      | Killed a sky beast
  3879 | D:5      | Found a staircase to the Ecumenical Temple.
  3887 | Temple   | Entered the Ecumenical Temple
  3946 | Temple   | Became a worshipper of Gozag Ym Sagoz the Greedy
  4083 | D:5      | Gained mutation: You may rarely emit foul miasma when
                  | damaged in melee. [demonic ancestry]
  4083 | D:5      | Reached XP level 7. HP: 51/51 MP: 7/7
  4294 | D:5      | Reached skill level 5 in Short Blades
  4420 | D:5      | Identified the +7 mace "Bonk" {vorpal, rC- Str+7 Dex-5
                  | Stlth+}
  4433 | D:5      | Mangled by an orc warrior

Illustrated notes

Levels and vault maps discovered:
D:1:      wander_arrival_lonely_grave, layout_basic, basic_ecumenical_altar
D:2:      layout_basic, basic_altar, serial_shops,
          nicolae_shop_competitors_out_of_business, minmay_tromino_v4_b
D:3:      layout_basic
D:4:      layout_cave_pools, lemuel_doored_altar, hellmonk_ghost_happy_afterlife
D:5:      corexii_shack_village, layout_loops_ring, temple_fountains,
          serial_shops, shop
Temple:   grunt_wide_crystal_templ

Skill      XL: |  1  2  3  4  5  6  7 |
---------------+----------------------+-----
Short Blades   | 2 3 4 5 |  5.1
Stealth        | 4 5 |  5.7
Dodging        | 1 2 |  2.4
Throwing       | 2 |  2.3
Fighting       | 3 |  3.0

Action                   |  1- 3 |  4- 6 |  7- 9 || total
-------------------------+-------+-------+-------++-------
Melee: Dagger            |   132 |   131 |    77 ||   340
Throw: Dart              |     8 |     6 |     7 ||    21
 Cast: Wereblood         |       |       |     1 ||     1
  Use: Potion            |       |     3 |     2 ||     5
       Scroll            |       |       |     2 ||     2
 Stab: Sleeping          |     6 |     8 |       ||    14
       Distracted        |       |       |     2 ||     2
Armor: Robe              |    31 |    10 |    16 ||    57
       Skin              |       |    38 |       ||    38
Dodge: Dodged            |    87 |    44 |    23 ||   154

Table legend: (Time is in decaauts)
 A = Elapsed time spent in this place.
 B = Non-inter-level travel time spent in this place.
 C = Inter-level travel time spent in this place.
 D = Time resting spent in this place.
 E = Time spent auto-exploring this place.
 F = Levels seen in this place.
 G = Mean time per level.
                   A        B        C        D        E       F      G
               +--------+--------+--------+--------+--------+-----+--------+
         Total |   4377 |   4280 |     97 |   1177 |   2240 |   6 |  729.5 |
       Dungeon |   4304 |   4223 |     81 |   1177 |   2185 |   5 |  860.8 |
        Temple |     72 |     56 |     16 |      0 |     55 |   1 |   72.0 |
               +--------+--------+--------+--------+--------+-----+--------+

Top non-repeatable levels by time:
     D:1: 1446 daAuts
     D:2: 1135 daAuts
     D:5: 676 daAuts
     D:4: 536 daAuts
     D:3: 508 daAuts
  Temple: 72 daAuts
